 Dungeon Crawl Stone Soup version 0.23.2-40-g277498a001 (webtiles) character file.

Game seed: 14797172310902455944

248 Htamos the Chopper (level 6, -4/56 HPs)
             Began as a Hill Orc Monk on Aug 31, 2019.
             Slain by Grinder (7 damage)
             ... on level 4 of the Dungeon.
             The game lasted 00:07:51 (3470 turns).

Htamos the Chopper (Hill Orc Monk)                  Turns: 3470, Time: 00:07:52

Health: -4/56      AC:  3    Str: 16    XL:     6   Next: 12%
Magic:  6/6        EV: 16    Int: 10    God:
Gold:   174        SH:  8    Dex: 18    Spells: 5/5 levels left

rFire    . . .     SeeInvis .   a - +0 hand axe
rCold    . . .     Gourm    .   r - +0 shield
rNeg     . . .     Faith    .   b - +0 robe
rPois    .         Spirit   .   (no helmet)
rElec    .         Reflect  .   (no cloak)
rCorr    .         Harm     .   (no gloves)
MR       .....                  l - +0 pair of boots
Stlth    +++.......             (no amulet)
HPRegen  0.18/turn              (no ring)
MPRegen  0.10/turn              (no ring)

@: agile
A: no striking features
a: no special abilities


You were on level 4 of the Dungeon.
You were hungry.

You visited 1 branch of the dungeon, and saw 4 of its levels.

You collected 174 gold pieces.

Inventory:

Hand Weapons
 a - a +0 hand axe (weapon)
 f - a +0 whip of draining
Armour
 b - a +0 robe (worn)
 l - a +0 pair of boots (worn)
 r - a +0 shield (worn)
Jewellery
 m - a cursed amulet of inaccuracy {unknown}
 o - a cursed -3 ring of intelligence {unknown}
 u - an uncursed ring of resist corrosion {unknown}
Scrolls
 h - 2 scrolls of amnesia {unknown}
 i - 2 scrolls of random uselessness {unknown}
 k - a scroll of noise {unknown}
 n - 3 scrolls of remove curse {unknown}
 p - 2 scrolls of identify {unknown}
 q - a scroll of teleportation {unknown}
Potions
 e - a potion of lignification
 g - a potion of flight
 s - a potion of magic {unknown}
Comestibles
 c - 5 rations


   Skills:
 + Level 5.3 Fighting
 + Level 5.8 Axes
 + Level 3.6 Dodging
 - Level 1.7 Stealth
 + Level 1.2 Shields


You had 5 spell levels left.
You didn't know any spells.
Your spell library was empty.

Dungeon Overview and Level Annotations

Branches:
Dungeon (4/15)
 Temple: D:4-7

Altars:

Annotations:
D:4 Grinder


Message History

Grinder blinks!
Unknown command.
You hit Grinder but do no damage.
Grinder is severely wounded.
Grinder closely misses you.
You closely miss Grinder.
Grinder is severely wounded.
Grinder hits you but does no damage.
Your shield prevents you from hitting Grinder.
Grinder is severely wounded.
Grinder hits you!
* * * LOW HITPOINT WARNING * * *
You writhe in agony.
* * * LOW HITPOINT WARNING * * *
Grinder hits you!
* * * LOW HITPOINT WARNING * * *
It was a potion of agility.
You feel agile all of a sudden. Grinder hits you!
You die...

####### .......
.##### .# .# .## ####
..#####..##
#....#....###########
####.#.##......5@...#
#...############.#
##..## #†## #...#
#..# ##...## ##....#
#8...8# ###..S.S.
##...## ...### #...#
..# ##...## ## ..8#


You could see Grinder.

Vanquished Creatures
  An orc wizard (D:3)
  Natasha (D:4)
  A worker ant (D:4)
  8 adders
  An adder skeleton (D:4)
  A worm (D:3)
  5 dart slugs
  4 leopard geckos
  5 orcs
  3 giant cockroaches
  8 goblins
  8 hobgoblins
  5 jackals
  6 kobolds
  10 bats
  4 frilled lizards
  6 rats
77 creatures vanquished.

Notes
Turn   | Place    | Note
-------+----------+-------------------------------------------
     0 | D:1      | Htamos the Hill Orc Monk began the quest for the Orb.
     0 | D:1      | Reached XP level 1. HP: 19/19 MP: 1/1
   115 | D:1      | Reached XP level 2. HP: 27/27 MP: 2/2
   441 | D:1      | Reached XP level 3. HP: 23/33 MP: 3/3
  1445 | D:2      | Reached XP level 4. HP: 37/41 MP: 4/4
  1525 | D:2      | Reached skill level 5 in Axes
  2172 | D:3      | Reached XP level 5. HP: 47/47 MP: 5/5
  2457 | D:3      | Reached skill level 5 in Fighting
  3255 | D:4      | Noticed Natasha
  3265 | D:4      | Killed Natasha
  3265 | D:4      | Reached skill level 1 in Shields
  3265 | D:4      | Reached XP level 6. HP: 56/56 MP: 6/6
  3392 | D:4      | Noticed Grinder
  3422 | D:4      | Paralysed by Grinder for 2 turns
  3435 | D:4      | Paralysed by Grinder for 4 turns
  3444 | D:4      | Paralysed by Grinder for 5 turns
  3470 | D:4      | Slain by Grinder

Skill      XL: |  1  2  3  4  5 |
---------------+----------------+-----
Fighting       | 4 5 |  5.3
Dodging        | 3 |  3.6
Axes           | 5 |  5.8
Shields        | 1 |  1.2
Stealth        | |  1.7

Action                   |  1- 3 |  4- 6 || total
-------------------------+-------+-------++-------
Melee: Hand axe          |    43 |    17 ||    60
       Whip              |    47 |   200 ||   247
  Use: Potion            |       |     6 ||     6
 Stab: Distracted        |     1 |       ||     1
       Sleeping          |     2 |       ||     2
  Eat: Chunk             |     2 |     6 ||     8
Armor: Robe              |    15 |    39 ||    54
       Skin              |       |     9 ||     9
Dodge: Dodged            |    57 |   129 ||   186
Block: Shield            |       |    33 ||    33
